 Dungeon Crawl Stone Soup version 0.22-b1-21-g5cfc168 (webtiles) character file.

6505 wojtek the Cleaver (level 10, -12/88 HPs)
             Began as a Minotaur Fighter on Aug 4, 2018.
             Was a Believer of Makhleb.
             Mangled by a stone giant (22 damage)
             ... on level 9 of the Dungeon.
             The game lasted 00:13:13 (8941 turns).

wojtek the Cleaver (Minotaur Fighter)               Turns: 8941, Time: 00:13:14

Health: -12/88     AC: 15    Str: 24    XL:     10   Next: 69%
Magic:  13/13      EV:  9    Int:  5    God:    Makhleb [**....]
Gold:   403        SH: 13    Dex: 10    Spells: 9/9 levels left

rFire    . . .     SeeInvis .   a - +0 war axe
rCold    . . .     Gourm    .   c - +0 shield
rNeg     . . .     Faith    .   z - -2 chain mail (curse)
rPois    .         Spirit   .   (helmet restricted)
rElec    .         Reflect  +   q - +2 cloak
rCorr    .         Harm     .   w - +0 pair of gloves
MR       .....                  l - +0 pair of boots
Stlth    ..........             m - +2 amulet of reflection
HPRegen  0.24/turn              (no ring)
MPRegen  0.13/turn              (no ring)

@: starving
A: retaliatory headbutt, horns 2
a: Minor Destruction, Renounce Religion


You were on level 9 of the Dungeon.
You worshipped Makhleb.
Makhleb was pleased with you.
You were starving.

You visited 2 branches of the dungeon, and saw 10 of its levels.
You also visited: Sewer.

You collected 403 gold pieces.

Inventory:

Hand Weapons
 a - a +0 war axe (weapon)
Armour
 b - a +0 scale mail
 c - a +0 shield (worn)
 l - a +0 pair of boots (worn)
 q - a +2 cloak (worn)
 w - a +0 pair of gloves (worn)
 z - a cursed -2 chain mail (worn)
Jewellery
 k - an uncursed ring of ice
 m - a +2 amulet of reflection (around neck)
 C - a cursed ring of attention {unknown}
 D - an uncursed ring of wizardry {unknown}
 E - a +3 ring of evasion {unknown}
 L - an uncursed amulet of faith {unknown}
Wands
 G - a wand of random effects (27)
 H - a wand of disintegration (9)
 I - a wand of clouds (3)
 K - a wand of polymorph (5)
Scrolls
 e - 5 scrolls of magic mapping
 i - 2 scrolls of enchant weapon {unknown}
 j - 2 scrolls of amnesia {unknown}
 n - 2 scrolls of noise {unknown}
 p - a scroll of immolation {unknown}
 r - 8 scrolls of teleportation
 t - 4 scrolls of fear
 y - 2 scrolls of enchant armour {unknown}
 A - 5 scrolls of identify
 F - 3 scrolls of remove curse {unknown}
Potions
 d - 2 potions of might
 g - 2 potions of flight
 h - a potion of brilliance
 o - a potion of haste {unknown}
 s - 2 potions of ambrosia {unknown}
 u - 2 potions of magic
 v - 5 potions of curing
 x - 3 potions of lignification {unknown}
 B - a potion of heal wounds {unknown}
 M - a potion of cancellation {unknown}
 N - a potion of berserk rage {unknown}
Comestibles
 f - 19 rations


   Skills:
 + Level 7.9 Fighting
 + Level 10.5 Axes
 + Level 8.2 Armour
 + Level 6.4 Dodging
 + Level 8.0 Shields
 * Level 5.6 Invocations
 + Level 3.4 Evocations


You had 9 spell levels left.
You didn't know any spells.
Your spell library was empty.

Dungeon Overview and Level Annotations

Branches:
Dungeon (9/15)             Temple (1/1) D:6
   Lair: D:8-11         Orc: D:9-12

Altars:
Ashenzari
Cheibriados
Dithmenos
Elyvilon
Fedhas
Gozag
Hepliaklqana
Kikubaaqudgha
Makhleb
Nemelex Xobeh
Okawaru
Qazlal
Ru
Sif Muna
Trog
Uskayaw
Vehumet
Wu Jian
Xom
Yredelemnul
Zin
The Shining One
Beogh

Annotations:
D:5 3 runed doors, letownia2's ghost, amateur DsFi
D:7 Harold


Innate Abilities, Weirdness & Mutations

You reflexively headbutt those who attack you in melee.
You have a pair of horns on your head.


Message History

You headbutt the stone giant!
The stone giant is moderately wounded.
You slash the hungry ghost! The stone giant hits you!!
* * * LOW HITPOINT WARNING * * *
You block the hungry ghost's attack.
You hit the stone giant but do no damage.
The stone giant is moderately wounded.
Your shield and chain mail prevent you from hitting the hungry ghost.
The stone giant hits you!
* * * LOW HITPOINT WARNING * * *
The hungry ghost hits you.
* * * LOW HITPOINT WARNING * * *
You feel somewhat more hungry.
Unknown command.
Unknown command.
You slash the stone giant!
The stone giant is moderately wounded.
You miss the hungry ghost. The hungry ghost closely misses you.
The stone giant hits you!!
You die...

## ###### ..
...≈≈≈≈≈≈≈ #.#
##≈≈≈≈ ≈≈≈≈
#..##≈≈≈≈ #### .
#...≈≈≈8 #....
#.##..≈≈≈.##...
.....≈≈≈.8#..#
#.≈≈...(W.#
#)≈≈<..'@.#
.....≈≈≈.8#.C#
.....a≈≈≈.##.(..
..#####≈≈≈8##..?.#
# #o≈≈≈≈######
...≈≈≈≈≈≈≈≈≈
......≈≈≈≈≈≈≈≈
..........#....


You could see a stone giant, a hungry ghost and a worker ant.

Vanquished Creatures
  A two-headed ogre (D:9)
  A queen bee (D:8)
  4 humans
  Eustachio (D:5)
  A hungry ghost (D:8)
  2 black bears
  2 ice beasts
  2 orc warriors
  A sky beast (D:6)
  4 ogres
  A phantom (D:5)
  A centaur (D:6)
  3 big kobolds (Sewer)
  5 bullfrogs
  A gnoll sergeant (D:7)
  2 scorpions
  A water moccasin skeleton (D:4)
  16 killer bees
  5 wights (D:8)
  2 howler monkeys
  A bullfrog zombie (D:6)
  A crimson imp (D:7)
  9 orc priests
  4 hounds
  A centaur skeleton (D:5)
  4 jellies
  A gnoll shaman (D:7)
  A centaur zombie (D:9)
  7 worker ants
  2 iguanas (D:8)
  11 orc wizards
  8 gnolls
  17 adders
  2 river rats (Sewer)
  A shadow imp (D:5)
  3 oozes (Sewer)
  2 worms
  5 dart slugs
  6 leopard geckos
  45 orcs
  10 bats
  9 giant cockroaches
  6 hobgoblins
  10 jackals
  12 kobolds
  4 quokkas
  4 ball pythons
  9 frilled lizards
  7 goblins
  6 rats
264 creatures vanquished.

Vanquished Creatures (others)
  Joseph (D:7)
  An orc wizard (D:5)
  A goblin (D:3)
  A kobold (D:3)
  A plant (D:7)
5 creatures vanquished.

Grand Total: 269 creatures vanquished

Notes
Turn   | Place    | Note
-------+----------+-------------------------------------------
     0 | D:1      | wojtek the Minotaur Fighter began the quest for the Orb.
     0 | D:1      | Reached XP level 1. HP: 19/19 MP: 0/0
     8 | D:1      | Reached skill level 3 in Axes
    48 | D:1      | Reached XP level 2. HP: 22/26 MP: 1/1
   262 | D:1      | Reached skill level 4 in Axes
   399 | D:1      | Reached XP level 3. HP: 31/31 MP: 2/2
   825 | D:2      | Found a sparkling altar of Nemelex Xobeh.
  1037 | D:2      | Reached skill level 5 in Axes
  1272 | D:3      | Reached XP level 4. HP: 34/39 MP: 3/3
  1285 | D:3      | Found a glowing drain.
  1303 | Sewer    | Entered a sewer
  1416 | Sewer    | Reached skill level 6 in Axes
  1591 | Sewer    | Reached XP level 5. HP: 45/45 MP: 4/4
  1611 | Sewer    | Reached skill level 7 in Axes
  1617 | Sewer    | Reached XP level 6. HP: 41/51 MP: 5/5
  1875 | D:3      | Reached skill level 8 in Axes
  1875 | D:3      | Reached skill level 1 in Dodging
  2477 | D:4      | Reached XP level 7. HP: 37/59 MP: 6/6
  3402 | D:5      | Entered Level 5 of the Dungeon
  3403 | D:5      | Found a runed gate.
  3403 | D:5      | Noticed letownia2's ghost (amateur DsFi)
  3404 | D:5      | Found a runed gate.
  3405 | D:5      | Found a runed gate.
  3583 | D:5      | Reached skill level 5 in Armour
  3715 | D:5      | Reached skill level 5 in Fighting
  3715 | D:5      | Reached skill level 5 in Shields
  3832 | D:5      | Reached XP level 8. HP: 63/68 MP: 7/7
  3834 | D:5      | Noticed Eustachio
  3874 | D:5      | Killed Eustachio
  3999 | D:5      | Reached skill level 9 in Axes
  4571 | D:5      | Found a roughly hewn altar of Beogh.
  5065 | D:6      | Reached XP level 9. HP: 65/78 MP: 8/8
  5086 | D:6      | Found a staircase to the Ecumenical Temple.
  5095 | Temple   | Entered the Ecumenical Temple
  5284 | Temple   | Became a worshipper of Makhleb the Destroyer
  5343 | D:6      | Reached skill level 1 in Invocations
  5399 | D:5      | Reached skill level 1 in Evocations
  5682 | D:6      | HP: 2/78 [orc warrior/halberd (2)]
  5685 | D:6      | Reached skill level 5 in Dodging
  6485 | D:7      | Reached * piety under Makhleb
  6811 | D:7      | Reached skill level 10 in Axes
  6980 | D:7      | Noticed Joseph
  6984 | D:7      | Killed Joseph
  6984 | D:7      | Reached XP level 10. HP: 71/86 MP: 10/12
  7274 | D:7      | Noticed Harold
  7511 | D:8      | Reached ** piety under Makhleb
  7852 | D:8      | Reached skill level 5 in Invocations
  8758 | D:9      | Noticed a two-headed ogre
  8852 | D:9      | Killed a two-headed ogre
  8931 | D:9      | Noticed a stone giant
  8941 | D:9      | Mangled by a stone giant

Skill      XL: |  1  2  3  4  5  6  7  8  9 10 |
---------------+-------------------------------+-----
Axes           | 3 4 5 6 7 8 9 10 | 10.5
Armour         | 4 5 6 7 8 |  8.2
Dodging        | 1 3 4 5 6 |  6.4
Fighting       | 4 5 6 7 |  7.9
Shields        | 4 5 6 7 8 |  8.0
Invocations    | 4 5 |  5.6
Evocations     | 2 3 |  3.4

Action                   |  1- 3 |  4- 6 |  7- 9 | 10-12 || total
-------------------------+-------+-------+-------+-------++-------
Melee: War axe           |   112 |   148 |   375 |   157 ||   792
       Headbutt          |    14 |    21 |    60 |    28 ||   123
Evoke: Wand              |       |       |     1 |    24 ||    25
  Use: Scroll            |       |     5 |     2 |       ||     7
       Potion            |       |     1 |       |       ||     1
 Stab: Paralysed         |       |       |       |     6 ||     6
  Eat: Chunk             |     1 |     5 |    14 |     5 ||    25
       Ration            |       |       |       |     1 ||     1
Armor: Scale mail        |    46 |    60 |       |       ||   106
       Chain mail        |       |    21 |   166 |    76 ||   263
Dodge: Dodged            |    40 |    30 |   110 |    80 ||   260
Block: Shield            |    65 |    88 |   271 |   140 ||   564
       Reflection        |       |     4 |     7 |     1 ||    12
